 Dungeon Crawl Stone Soup version 0.20.1-1-g8b1a95d (webtiles) character file.

128 wojtek the Cutter (level 5, 0/27 HPs)
             Began as a Kobold Assassin on Dec 18, 2017.
             Was a Follower of Hepliaklqana.
             Slain by an adder (2 damage)
             ... on level 3 of the Dungeon.
             The game lasted 00:05:05 (2610 turns).

wojtek the Cutter (Kobold Assassin)                 Turns: 2610, Time: 00:05:06

Health: 0/27       AC:  3    Str:  8    XL:     5   Next: 34%
Magic:  3/5        EV: 15    Int: 13    God:    Hepliaklqana [*.....]
Gold:   104        SH:  0    Dex: 17    Spells: 4/4 levels left

rFire    . . .     SeeInvis .   a - +2 dagger
rCold    . . .     Gourm    .   (shield restricted)
rNeg     . . .     Faith    .   c - +0 robe
rPois    .         Spirit   .   (no helmet)
rElec    .         Reflect  .   d - +0 cloak
rCorr    .         Harm     .   (no gloves)
MR       .....                  (no boots)
Stlth    +++.......             (no amulet)
Regen    0.1/turn               (no ring)
MPRegen  0.1/turn               (no ring)

@: no status effects
A: reduced essence, carnivore 3
a: Recall Ancestor, Ancestor Identity, Renounce Religion


You were on level 3 of the Dungeon.
You worshipped Hepliaklqana.
Hepliaklqana was aware of your devotion.
You were very full.

You visited 1 branch of the dungeon, and saw 3 of its levels.

You collected 104 gold pieces.

Inventory:

Hand Weapons
 a - a +2 dagger (weapon)
 b - a +0 blowgun
Missiles
 e - 8 poisoned needles
 f - 2 curare-tipped needles
Armour
 c - a +0 robe (worn)
 d - a +0 cloak (worn)
Jewellery
 j - an uncursed ring of stealth {unknown}
Scrolls
 h - 2 scrolls of enchant armour {unknown}
 p - a scroll of teleportation {unknown}
 q - a scroll of remove curse {unknown}
Potions
 i - 2 potions of resistance {unknown}
 m - 2 potions of magic {unknown}
 n - a potion of haste {unknown}
 o - 2 potions of heal wounds {unknown}
 r - a potion of curing {unknown}
Comestibles
 g - 2 meat rations
 k - 2 royal jellies


   Skills:
 + Level 2.5 Fighting
 - Level 6.3 Short Blades
 - Level 2.1 Throwing
 + Level 2.0 Dodging
 - Level 5.3 Stealth


You had 4 spell levels left.
You didn't know any spells.

Dungeon Overview and Level Annotations

Branches:
Dungeon (3/15)

Altars:
Hepliaklqana
Qazlal

Annotations:
D:1 exclusion: downstairs
D:2 1 runed door, Sigmund


Innate Abilities, Weirdness & Mutations

You are small and have problems with some larger weapons.
You are carnivorous and can eat meat at any time.
Your life essence is reduced to manifest your ancestor. (-10% HP)


Message History

The orc wizard hits you with a dagger.
* * * LOW HITPOINT WARNING * * *
You hit the orc wizard.
The orc wizard is severely wounded.
Yayatum hits the orc wizard.
The orc wizard casts a spell.
The orc wizard seems to speed up.
You hit the orc wizard.
You kill the orc wizard!
Your Dodging skill increases to level 2!
The adder hisses angrily.
Things that are here:
a dagger; a robe; an orc corpse The adder completely misses you.
The adder bites you.
* * * LOW HITPOINT WARNING * * *
Yayatum hits the adder.
The adder misses you. The adder misses you.
Yayatum completely misses the adder.
The adder bites you.
You die...

# ##
#.############################.
..#..)........RS@................
#≈≈≈...)≈≈...≈############..#####
#.≈.≈≈.≈%..≈≈≈...................
#..≈≈≈≈≈≈≈≈≈≈.#.#..#..#..#..#.###
#.≈≈≈≈≈≈≈≈≈≈.≈<..#..#..#..#......
...≈≈≈≈≈≈≈≈≈......#..#..#..#..###
...≈≈≈..≈≈≈≈≈...#..#..#..#..#....
...≈≈≈._.≈≈≈..#..#..#..#..#...###
...≈≈≈♣≈≈≈≈≈.....)..........###


You could see the friendly Yayatum the ancestor and an adder.

Vanquished Creatures
  2 orc wizards (D:3)
  An adder (D:2)
  2 leopard geckos
  3 orcs (D:3)
  A ball python (D:1)
  5 bats
  2 giant cockroaches
  9 goblins
  8 hobgoblins
  A jackal (D:2)
  4 kobolds
  A quokka (D:3)
  A frilled lizard (D:1)
  7 rats
47 creatures vanquished.

Vanquished Creatures (collateral kills)
  2 orcs (D:3)
  A giant cockroach (D:2)
  2 goblins (D:2)
  A kobold (D:2)
6 creatures vanquished.

Grand Total: 53 creatures vanquished

Notes
Turn   | Place    | Note
-------+----------+-------------------------------------------
     0 | D:1      | wojtek the Kobold Assassin began the quest for the Orb.
     0 | D:1      | Reached XP level 1. HP: 12/12 MP: 1/1
    13 | D:1      | Reached skill level 3 in Short Blades
   122 | D:1      | Reached XP level 2. HP: 13/17 MP: 2/2
   389 | D:1      | Reached skill level 4 in Short Blades
   650 | D:1      | Reached XP level 3. HP: 21/21 MP: 3/3
   938 | D:2      | Found a hazy altar of Hepliaklqana.
   965 | D:2      | Became a worshipper of Hepliaklqana the Forgotten
  1017 | D:2      | Reached skill level 5 in Short Blades
  1091 | D:2      | Noticed Sigmund
  1348 | D:2      | Found a runed door.
  1632 | D:3      | Found a faded altar of an unknown god.
  1641 | D:3      | Reached XP level 4. HP: 21/23 MP: 4/4
  1951 | D:3      | Reached skill level 6 in Short Blades
  2200 | D:3      | Reached * piety under Hepliaklqana
  2200 | D:3      | Noticed a water elemental
  2202 | D:3      | Found a stormy altar of Qazlal.
  2205 | D:3      | Noticed an earth elemental
  2206 | D:3      | Noticed a fire elemental
  2206 | D:3      | Noticed an air elemental
  2585 | D:3      | Reached XP level 5. HP: 18/27 MP: 5/5
  2604 | D:3      | HP: 1/27 [adder (1)]
  2610 | D:3      | Slain by an adder

Skill      XL: |  1  2  3  4  5 |
---------------+----------------+-----
Short Blades   | 3 4 5 6 |  6.3
Dodging        | 2 |  2.0
Fighting       | |  2.5
Throwing       | |  2.1
Stealth        | |  5.3

Action                   |  1- 3 |  4- 6 || total
-------------------------+-------+-------++-------
Melee: Dagger            |    92 |    78 ||   170
Invok: Recall Ancestor   |     1 |     1 ||     2
 Stab: Sleeping          |     8 |     4 ||    12
       Distracted        |     2 |       ||     2
  Eat: Chunk             |    10 |     3 ||    13
Armor: Robe              |    17 |    19 ||    36
Dodge: Dodged            |    54 |    59 ||   113
